 Dungeon Crawl Stone Soup version 0.30-a0-618-gd6c86c23d0 (webtiles) character file.

Game seed: 17484054532450320356

5732 bande the Cleaver (level 10, -1/60 HPs)
             Began as a Gargoyle Fighter on Jan 10, 2023.
             Was a High Priest of Okawaru.
             Killed by divine providence
             ... invoked by an orc priest
              (12 damage)
             ... on level 9 of the Dungeon.
             The game lasted 00:21:20 (11292 turns).

bande the Cleaver (Gargoyle Fighter)               Turns: 11292, Time: 00:21:20

Health: -1/60      AC: 22    Str: 22    XL:     10   Next: 77%
Magic:  14/14      EV:  7    Int:  9    God:    Okawaru [*****.]
Gold:   441        SH:  0    Dex: 19    Spells: 8/9 levels left

rFire   + . .      SeeInvis .    g - +4 war axe
rCold   + . .      Faith    +    c - +1 buckler
rNeg    + . .      Spirit   .    y - +2 chain mail {rF+}
rPois   ∞          Reflect  .    (no helmet)
rElec   +          Harm     .    (no cloak)
rCorr   .          Rampage  .    u - +1 pair of gloves "Veamo" {Str+2}
Will    .....                    (no boots) Stlth
                                 h - amulet of faith
HPRegen 0.30/turn                e - +6 ring of dexterity
MPRegen 0.14/turn                k - ring of protection from cold

@: confused
A: sickness immunity, AC +7, negative energy resistance 1, electricity
resistance, torment resistance 1, petrification resistance
a: Renounce Religion, Heroism, Finesse, Duel


You were on level 9 of the Dungeon.
You worshipped Okawaru.
Okawaru was extremely pleased with you.
You visited 1 branch of the dungeon, and saw 9 of its levels.
You also visited: Sewer.

You collected 441 gold pieces.

Inventory:

Hand Weapons
 a - a +1 war axe
 g - a +4 war axe (weapon)
 p - a +0 flail
Armour
 b - a +3 chain mail
 c - a +1 buckler (worn)
 u - the +1 pair of gloves "Veamo" (worn) {Str+2}
   (You found it on level 6 of the Dungeon)

   Str:       It affects your strength (+2).
 y - a +2 chain mail of fire resistance (worn)
 B - the +0 pair of fencer's gloves {Riposte Dex+3}
   (Okawaru gifted it to you on level 9 of the Dungeon)

   It allows the wearer to riposte with melee weapons, swiftly retaliating
   against missed or blocked melee attacks.
   Dex:       It affects your dexterity (+3).
Jewellery
 e - a +6 ring of dexterity (left hand)
 h - an amulet of faith (around neck)
 k - a ring of protection from cold (right hand)
 z - an amulet of guardian spirit
 A - a +5 ring of evasion
Wands
 i - a wand of iceblast (23)
 v - a wand of mindburst (30)
 w - a wand of flame (10)
Scrolls
 d - 3 scrolls of enchant weapon
 q - 2 scrolls of teleportation
 r - 2 scrolls of magic mapping
 x - 4 scrolls of identify
Potions
 f - 5 potions of curing
 j - a potion of mutation
 l - a potion of cancellation
 m - 2 potions of invisibility
 n - 2 potions of flight
 o - a potion of ambrosia
 s - a potion of berserk rage
Miscellaneous
 t - a phial of floods


   Skills:
 + Level 6.2 Fighting
 + Level 8.2 Axes
 + Level 7.2 Armour
 + Level 5.8 Shields
 + Level 1.4 Unarmed Combat
 * Level 4.9 Translocations
 * Level 6.5 Invocations
 * Level 4.3 Evocations


You had 8 spell levels left.
You knew the following spells:

 Your Spells              Type           Power      Damage    Failure   Level
a - Apportation           Tloc           16%        N/A       43%         1

Your spell library contained the following spells:

 Spells                   Type           Power      Damage    Failure   Level
 Necrotise                Necr           0%         1d4       98%         1
 Sting                    Tmut/Pois      0%         1d3       98%         1
 Ensorcelled Hibernation  Hex/Ice        0%         N/A       99%         2
 Passwall                 Tmut/Erth      0%         N/A       99%         2
 Poisonous Vapours        Pois/Air       0%         N/A       99%         2
 Dazzling Flash           Conj/Hex       0%         N/A       100%        3
 Spider Form              Tmut/Pois      0%         N/A       100%        3
 Swiftness                Air            0%         N/A       100%        3
 Airstrike                Air            0%         2d(0-16)  100%        4
 Iskenderun's Mystic Bla  Conj/Tloc      4%         2d3       100%        4
 Olgreb's Toxic Radiance  Pois           0%         N/A       100%        4
 Borgnjor's Vile Clutch   Necr/Erth      0%         N/A       100%        5
 Lee's Rapid Deconstruct  Erth           0%         3d4*      100%        5
 Lightning Bolt           Conj/Air       0%         1d11      100%        5
 Iron Shot                Conj/Erth      0%         9d1       100%        6
 Starburst                Conj/Fire      0%         6d3       100%        6
 Summon Small Mammal      Summ           Unusable   N/A       N/A         1
 Summon Lightning Spire   Summ/Air       Unusable   N/A       N/A         4

Dungeon Overview and Level Annotations

Branches:
Dungeon (9/15)             Temple (0/1) D:5           Sewer (visited)
   Lair: D:8-11         Orc: D:9-12

Altars:
Fedhas
Hepliaklqana
Okawaru
Qazlal
Trog
Uskayaw
Wu Jian
Yredelemnul

Shops:
D:4 *   D:7 *:

Annotations:
D:8 Erica


Innate Abilities, Weirdness & Mutations

You are immune to sickness and miasma.
Your stone body is resilient. (AC +7)
You are immune to poison.
You resist negative energy. (rN+)
You are resistant to electric shocks. (rElec)
You are resistant to unholy torment.
You are immune to petrification.


Message History

The orc warrior is heavily wounded.
The orc warrior hits you with a +0 morningstar.
You are too injured to fight recklessly!
You are too injured to fight recklessly!
You are too injured to fight recklessly!
You are too injured to fight recklessly!
You are too injured to fight recklessly!
You are too injured to fight recklessly!
You are too injured to fight recklessly!
You are too injured to fight recklessly!
You are too injured to fight recklessly!
You are too injured to fight recklessly!
You slice the orc warrior!!
You kill the orc warrior!
Okawaru accepts your kill.
The orc priest invokes the aid of Beogh against you.
Beogh smites you!
You hit something. Something hits you but does no damage.
You hit something. You hit the orc priest. You hit something.
Something hits you but does no damage.
The orc priest hits you but does no damage.
Something hits you but does no damage.
You slash something! You hit something. You slash the orc priest!
You hear some strange, mumbled words.
A magic dart appears from out of thin air!
The magic dart hits you but does no damage.
The orc priest hits you but does no damage.
You miss something. You closely miss the orc priest.
You hear some strange, mumbled words.
You are confused.
The orc priest hits you but does no damage.
Something hits you but does no damage.
The orc priest mumbles some strange prayers to Beogh against you.
Beogh smites you!
* * * LOW HITPOINT WARNING * * *
You're too confused to move!
The orc priest invokes the aid of Beogh against you.
Beogh smites you!
You die...

#........#.....~..
#.#####..#........
#.#...#..#.....#..
#.#...#..#...<.#..
#.'...#..#.....#..
##.#...#..#.....#..
#..#...#..'.....#..
#).#'###..#.....#..
#.@.......#######..
#.{o...............
.....#####.#'######.
.......# #.#......#.
#........#
#.#......#.
#........#
#.#......#.
#........#
#.#######..
#........#
#..........
...........


You could see an orc priest.

Vanquished Creatures
  A two-headed ogre (D:8)
  The ghost of Imper the Grave Robber, a novice KoNe (D:5)
  Psyche (D:8)
  A troll (D:9)
  A vampire (D:9)
  An unseen horror simulacrum (D:9)
  2 steam dragons
  An acid dragon (D:8)
  A hornet zombie (D:9)
  5 orc warriors
  2 black bears
  2 ice beasts
  Pargi (Sewer)
  3 sky beasts
  3 centaurs
  2 wolves (D:9)
  5 kobold brigands
  2 necrophages (D:6)
  2 scorpions (D:6)
  4 killer bees (D:8)
  2 electric eels (D:9)
  3 howler monkeys
  A centaur zombie (D:9)
  5 hounds
  A gnoll bouda (D:7)
  8 orc priests
  A jelly (D:6)
  3 iguanas (D:5)
  8 orc wizards
  2 centaur simulacra (D:9)
  9 gnolls
  13 adders
  3 river rats (D:6)
  2 white imps (D:9)
  2 ufetubi (D:9)
  6 worms
  A dart slug (D:5)
  32 orcs
  2 endoplasms
  A giant cockroach (D:2)
  3 goblins
  3 hobgoblins
  A quokka (D:2)
  4 ball pythons
  9 bats
  3 frilled lizards
  27 kobolds
  3 rats
199 creatures vanquished.

Notes
Turn   | Place    | Note
-------+----------+-------------------------------------------
     0 | D:1      | bande the Gargoyle Fighter began the quest for the Orb.
     0 | D:1      | Reached XP level 1. HP: 14/14 MP: 1/1
   702 | D:1      | Reached XP level 2. HP: 17/19 MP: 2/2
  1030 | D:2      | Reached skill level 2 in Axes
  1125 | D:2      | Reached XP level 3. HP: 23/23 MP: 3/3
  1196 | D:2      | Found an iron altar of Okawaru.
  1203 | D:2      | Became a worshipper of Warmaster Okawaru
  1572 | D:3      | Found a faded altar of an unknown god.
  1721 | D:3      | Reached XP level 4. HP: 23/28 MP: 4/4
  2272 | D:4      | Reached skill level 1 in Invocations
  2278 | D:4      | Reached XP level 5. HP: 15/33 MP: 5/5
  2517 | D:4      | Noticed an ice beast
  2534 | D:4      | Killed an ice beast
  2534 | D:4      | Reached * piety under Okawaru
  2535 | D:4      | Reached skill level 3 in Axes
  2785 | D:4      | Reached XP level 6. HP: 38/38 MP: 7/7
  2853 | D:4      | Found Rohion's Assorted Antiques.
  2972 | D:4      | Learned a level 1 spell: Apportation
  3134 | D:5      | Entered Level 5 of the Dungeon
  3274 | D:5      | Found a staircase to the Ecumenical Temple.
  3296 | D:5      | Reached ** piety under Okawaru
  3297 | D:5      | Reached skill level 4 in Axes
  3297 | D:5      | Reached skill level 5 in Armour
  3308 | D:5      | Found a hide-covered altar of Uskayaw.
  3342 | D:5      | Found a hazy altar of Hepliaklqana.
  3406 | D:5      | Noticed a sky beast
  3414 | D:5      | Killed a sky beast
  3415 | D:5      | Reached skill level 1 in Translocations
  3415 | D:5      | Reached XP level 7. HP: 37/43 MP: 7/9
  3496 | D:5      | Found an ornate altar of the Wu Jian Council.
  3626 | D:5      | Found a bloodstained altar of Trog.
  4044 | D:6      | Reached *** piety under Okawaru
  4234 | D:6      | Reached skill level 5 in Axes
  4234 | D:6      | Reached XP level 8. HP: 46/48 MP: 10/10
  4262 | D:6      | Reached skill level 1 in Evocations
  4356 | D:6      | Found a glowing drain.
  4366 | Sewer    | Entered a sewer
  4400 | Sewer    | Noticed Pargi
  4424 | Sewer    | Killed Pargi
  4835 | D:6      | Found a blossoming altar of Fedhas.
  4950 | D:6      | Found a runed translucent gate.
  4950 | D:6      | Found a runed translucent gate.
  4950 | D:6      | Found a runed translucent gate.
  4951 | D:6      | Noticed Imper's ghost (novice KoNe)
  5317 | D:6      | Identified the +6 long sword "Ogrebane" {heavy, rElec rF-
                  | Str+3}
  6249 | D:5      | Reached **** piety under Okawaru
  6250 | D:5      | Reached skill level 5 in Fighting
  6250 | D:5      | Reached XP level 9. HP: 37/54 MP: 12/12
  6254 | D:5      | Killed Imper's ghost
  6255 | D:5      | Reached skill level 6 in Axes
  6956 | D:6      | Identified the +1 pair of gloves "Veamo" {Str+2}
  7203 | D:7      | Found Ocwuuk's Self-Improvement Boutique.
  7253 | D:7      | Reached skill level 5 in Invocations
  7280 | D:7      | Found Ishrot's Assorted Antiques.
  7294 | D:7      | Reached skill level 5 in Shields
  7302 | D:7      | Got the Elucidation of Iron Blight
  7416 | D:7      | Reached ***** piety under Okawaru
  8115 | D:8      | Found a stormy altar of Qazlal.
  8209 | D:8      | Reached skill level 7 in Axes
  8932 | D:8      | Noticed Psyche
  8953 | D:8      | Noticed a two-headed ogre
  8959 | D:8      | Killed Psyche
  8960 | D:8      | Reached XP level 10. HP: 28/60 MP: 14/14
  8965 | D:8      | Killed a two-headed ogre
  9581 | D:8      | Noticed Erica
 10084 | D:8      | Identified the +9 dagger of Fatsel {venom, rPois rC+}
 10198 | D:9      | Reached skill level 1 in Unarmed Combat
 10540 | D:9      | Found a basalt altar of Yredelemnul.
 10557 | D:9      | Reached skill level 8 in Axes
 11166 | D:9      | Received a gift from Okawaru
 11166 | D:9      | Found the +0 pair of fencer's gloves {Riposte Dex+3}
 11292 | D:9      | Killed from afar by an orc priest

Illustrated notes

Levels and vault maps discovered:
D:1:      giann_wishing_wells, layout_loops_corners
D:2:      layout_loops_ring, basic_altar
D:3:      layout_rooms, basic_ecumenical_altar, minmay_misc_feat_roman
D:4:      layout_basic, serial_shops, shop, minmay_misc_feat_enclosed
D:5:      layout_loops_cross, eat_drink_and_be_merry_uskayaw,
          old_standard_altar, mainiacjoe_overflow_catch_the_wave,
          minmay_temple_entry_antechambers
D:6:      layout_basic, fedhas_altar_fruit_tree, biasface_ghost_orc_armoury,
          lightli_sewer_entry_pipes
D:7:      layout_loops_corners, serial_shops, nicolae_diamond_shop,
          nicolae_shop_self_help
D:8:      layout_loops_ring, nicolae_qazlal_scattered_showers, uniq_erica,
          uniq_psyche
D:9:      layout_irregular_city, lemuel_zombie_altar_yredelemnul, serial_ice,
          serial_ice_a, serial_ice_j, serial_ice_f, serial_ice_e, serial_ice_m,
          serial_ice_n, kennysheep_generic_room_15

Skill      XL: |  1  2  3  4  5  6  7  8  9 10 |
---------------+-------------------------------+-----
Axes           | 2 3 4 5 7 8 |  8.2
Armour         | 4 5 6 7 |  7.2
Invocations    | 1 2 3 4 5 6 |  6.5
Fighting       | 4 5 6 |  6.2
Translocations | 1 2 4 |  4.9
Shields        | 4 5 |  5.8
Evocations     | 2 3 4 |  4.3
Unarmed Combat | 1 |  1.4

Action                   |  1- 3 |  4- 6 |  7- 9 | 10-12 || total
-------------------------+-------+-------+-------+-------++-------
Melee: War axe           |    99 |   113 |   395 |   152 ||   759
       Unarmed           |       |       |     7 |     6 ||    13
Evoke: Wand              |       |       |     8 |       ||     8
  Use: Potion            |       |     1 |     8 |       ||     9
       Scroll            |       |    13 |     3 |     2 ||    18
 Stab: Confused          |       |       |       |     1 ||     1
Armor: Scale mail        |    65 |    67 |   174 |       ||   306
       Chain mail        |       |       |   123 |   139 ||   262
       Skin              |       |       |    12 |       ||    12
       Plate armour      |       |       |    10 |       ||    10
Dodge: Dodged            |    64 |    42 |   192 |    48 ||   346
Block: Buckler           |    16 |    24 |   187 |    50 ||   277

Table legend: (Time is in decaauts)
 A = Elapsed time spent in this place.
 B = Non-inter-level travel time spent in this place.
 C = Inter-level travel time spent in this place.
 D = Time resting spent in this place.
 E = Time spent auto-exploring this place.
 F = Levels seen in this place.
 G = Mean time per level.
                   A        B        C        D        E       F      G
               +--------+--------+--------+--------+--------+-----+--------+
         Total |  11556 |  11368 |    188 |   3987 |   5210 |  10 | 1155.6 |
       Dungeon |  11285 |  11097 |    188 |   3825 |   5170 |   9 | 1253.9 |
         Sewer |    271 |    271 |      0 |    162 |     40 |   1 |  271.0 |
               +--------+--------+--------+--------+--------+-----+--------+

Top non-repeatable levels by time:
     D:5: 2097 daAuts
     D:7: 1701 daAuts
     D:6: 1602 daAuts
     D:8: 1542 daAuts
     D:9: 1132 daAuts
     D:4: 911 daAuts
     D:1: 878 daAuts
     D:2: 720 daAuts
     D:3: 698 daAuts
   Sewer: 271 daAuts
